 Dungeon Crawl Stone Soup version 0.18-a0-1354-gbc5753f (webtiles) character file.

4565 assandur the Protected (level 10, -1/65 HPs)
             Began as a Gargoyle Berserker on Feb 19, 2016.
             Was an Elder of Trog.
             Killed by Ozocubu's Refrigeration
             ... invoked by Fannar
              (30 damage)
             ... on level 10 of the Dungeon.
             The game lasted 00:40:58 (7629 turns).

assandur the Protected (Gargoyle Berserker)         Turns: 7629, Time: 00:40:58

Health: -1/65      AC: 26    Str: 22    XL:     10   Next: 40%
Magic:  1/1        EV:  9    Int:  7    God:    Trog [****..]
Gold:   160        SH:  0    Dex: 10    Spells: 0 memorised, 9 levels left

rFire  . . .     SeeInvis .     a - +1 hand axe
rCold  . . .     Gourm    .     J - +0 plate armour
rNeg   + + .     Faith    .     (no shield)
rPois  ∞         Spirit   .     v - +0 helmet "Livuwket" {rPois Regen+ MP-9 Stlth+}
rElec  +         Dismiss  .     A - +0 cloak
rCorr  .         Reflect  .     w - +1 pair of gloves
SustAt .         Harm     +     (no boots)
MR     +++..                    h - amulet of harm
Stlth  ..........               C - ring of protection from magic
                                f - ring of positive energy

@: exhausted, about to teleport, very slightly contaminated, regenerating,
hasted and slowed, extremely resistant to hostile enchantments, extremely
unstealthy
A: blurry vision 1, negative energy resistance 1, electricity resistance, weak
1, unbreathing, petrification resistance, rot immunity, sturdy frame 1, AC +7
a: Berserk, Trog's Hand, Brothers in Arms, Burn Spellbooks, Renounce Religion


You were on level 10 of the Dungeon.
You worshipped Trog.
Trog was greatly pleased with you.
You were hungry.

You visited 1 branch of the dungeon, and saw 10 of its levels.

You collected 460 gold pieces.
You spent 300 gold pieces at shops.

Inventory:

Hand Weapons
 a - a +1 hand axe (weapon)
Armour
 v - the +0 helmet "Livuwket" (worn) {rPois Regen+ MP-9 Stlth+}
   (You found it on level 7 of the Dungeon)

   It protects you from poison.
   It affects your magic capacity (-9).
   It increases your rate of regeneration.
   It makes you more stealthy.
 w - a +1 pair of gloves (worn)
 A - a +0 cloak (worn)
 J - a +0 plate armour (worn)
Jewellery
 b - an uncursed ring of poison resistance
 f - a ring of positive energy (left hand)
 h - an amulet of harm (around neck)
 o - an uncursed ring of protection from cold
 p - a +5 amulet of reflection
 x - an uncursed ring of ice
 C - a ring of protection from magic (right hand)
Wands
 g - a wand of polymorph (10/24)
 t - a wand of lightning (15/15)
 z - a wand of hasting (2/9)
 E - a wand of iceblast (3/15)
 H - a wand of acid (9/15)
 I - a wand of acid (10/15)
Scrolls
 d - a scroll of torment {unknown}
 j - 4 scrolls of identify
 l - 2 scrolls of enchant weapon
 m - a scroll of teleportation
 n - 7 scrolls of remove curse
 r - a scroll of recharging
Potions
 i - 2 potions of curing
 s - a potion of haste
Comestibles
 c - 7 bread rations
 k - 6 meat rations
 u - a beef jerky


   Skills:
 + Level 8.8 Fighting
 + Level 8.8 Axes
 + Level 9.4 Armour
 + Level 3.3 Dodging
 + Level 1.6 Stealth


You had 9 spell levels left.
You didn't know any spells.

Dungeon Overview and Level Annotations

Branches:
Dungeon (10/15)            Temple (0/1) D:7            Lair (0/8) D:9
    Orc: D:9-12

Altars:
Makhleb
Okawaru
Pakellas
Sif Muna
Vehumet
Xom
Yredelemnul
The Shining One

Shops:
D:5 =   D:8 %   D:9 :=!=

Annotations:
D:6 Prince Ribbit
D:10 Fannar


Innate Abilities, Weirdness & Mutations

You are resistant to torment.
Your stone body is resilient (AC +7).
You are immune to poison.
You resist negative energy.
You are resistant to electric shocks.
You can survive without breathing.
You are immune to petrification.
You are immune to rotting.
Scrolls take you a little longer to read.
You are weak. (Str -2)
Your movements are slightly less encumbered by armour (ER -2).


Message History

You barely miss the ice beast.
The ice beast is almost dead.
The ice beast closely misses you.
Fannar brushes some snowflakes from his robe.
Fannar mumbles some strange words.
Fannar blinks!
The ice beast barely misses you.
Read which item? (? for menu, Esc to quit)
Really read with blurry vision while enemies are nearby?
The ice beast closely misses you.
You begin reading the scroll.
You continue reading the scroll.
You feel the effects of Trog's Hand fading.
Fannar casts a spell.
The ice beast barely misses you.
The ice beast hits you but does no damage.
As you read the scroll of teleportation, it crumbles to dust.
You feel strangely unstable.
Fannar mumbles some strange words.
Fannar drains the heat from the surrounding environment!
You feel very cold.
You die...

####+##### #.
#........# #.
#.e.....)### #.
#.Y......'.#### #.
#........#....# #.
+@.Y.....####.###.
#..Y.....# #..##.
########## ##....
####. ##


You could see Fannar and 3 ice beasts.

Vanquished Creatures
  Pikel (D:5)
  Psyche (D:8)
  A gargoyle (D:6)
  A troll (D:9)
  A spriggan (D:8)
  4 hippogriffs
  A soldier ant (D:9)
  A water moccasin (D:9)
  3 sky beasts
  3 slaves (D:5)
  An ice beast (D:6)
  A wasp (D:8)
  2 ogres
  A necrophage (D:8)
  2 centaurs
  3 crocodiles
  A big kobold (D:9)
  A giant frog (D:9)
  A scorpion (D:5)
  3 crimson imps
  A giant frog zombie (D:9)
  A centaur zombie (D:5)
  A giant frog skeleton (D:7)
  5 hounds
  2 jellies
  2 orc priests
  5 orc wizards
  A centaur skeleton (D:7)
  3 iguanas
  7 worker ants
  2 hound zombies
  A gnoll (D:1)
  9 adders
  3 shadow imps
  2 oozes
  An adder skeleton (D:4)
  3 worms
  4 giant geckos
  18 orcs
  5 bats
  5 giant cockroaches
  7 goblins
  6 hobgoblins
  A jackal (D:3)
  9 kobolds
  3 quokkas
  3 ball pythons
  A giant gecko skeleton (D:5)
  12 giant newts
  A quokka skeleton (D:5)
  14 rats
171 creatures vanquished.

Notes
Turn   | Place    | Note
--------------------------------------------------------------
     0 | D:1      | assandur the Gargoyle Berserker began the quest for the Orb.
     0 | D:1      | Reached XP level 1. HP: 14/14 MP: 1/1
   107 | D:1      | Reached XP level 2. HP: 14/19 MP: 2/2
   557 | D:1      | Reached XP level 3. HP: 24/24 MP: 3/3
   570 | D:1      | Reached ** piety under Trog
   669 | D:1      | You fall through a shaft!
   859 | D:2      | Reached skill level 4 in Fighting
  1212 | D:2      | Found a deep blue altar of Sif Muna.
  1442 | D:3      | Reached XP level 4. HP: 29/29 MP: 4/4
  1746 | D:3      | Reached *** piety under Trog
  1746 | D:3      | Reached XP level 5. HP: 34/34 MP: 5/5
  1782 | D:3      | Found a glowing golden altar of the Shining One.
  2687 | D:4      | Reached XP level 6. HP: 10/40 MP: 6/6
  2688 | D:4      | Reached skill level 5 in Fighting
  2838 | D:4      | Gained mutation: Scrolls take you a little longer to read. [potion of mutation]
  2838 | D:4      | Gained mutation: Your movements are slightly less encumbered by armour (ER -2). [potion of mutation]
  2838 | D:4      | Gained mutation: You are weak. (Str -2) [potion of mutation]
  2848 | D:4      | Reached skill level 1 in Stealth
  2963 | D:4      | Reached XP level 7. HP: 38/44 MP: 7/7
  3149 | D:4      | Found a shimmering altar of Xom.
  3249 | D:5      | Entered Level 5 of the Dungeon
  3335 | D:5      | Noticed Pikel
  3366 | D:5      | Killed Pikel
  3366 | D:5      | Reached skill level 6 in Fighting
  3366 | D:5      | Reached skill level 5 in Axes
  3366 | D:5      | Reached skill level 5 in Armour
  3366 | D:5      | Reached XP level 8. HP: 27/51 MP: 8/8
  3646 | D:5      | Found Wiluykuc's Jewellery Shoppe.
  3938 | D:5      | Found an oddly glowing altar of Pakellas.
  4163 | D:6      | Reached **** piety under Trog
  4192 | D:6      | Found a radiant altar of Vehumet.
  4244 | D:6      | Noticed a gargoyle
  4246 | D:6      | Found a burning altar of Makhleb.
  4262 | D:6      | HP: 2/78 [gargoyle/mace (5)]
  4266 | D:6      | Killed a gargoyle
  4607 | D:6      | Noticed Prince Ribbit
  4732 | D:6      | Reached skill level 7 in Fighting
  4732 | D:6      | Reached XP level 9. HP: 57/57 MP: 9/9
  5050 | D:7      | Found a staircase to the Ecumenical Temple.
  5354 | D:7      | Got a transparent helmet
  5365 | D:7      | Identified the cursed +0 helmet "Livuwket" {rPois Regen+ MP-9 Stlth+} (You found it on level 7 of the Dungeon)
  5910 | D:7      | Found a basalt altar of Yredelemnul.
  6034 | D:8      | Noticed Psyche
  6054 | D:8      | Killed Psyche
  6054 | D:8      | Reached skill level 8 in Armour
  6142 | D:8      | Found Kogatreamp's Food Emporium.
  6790 | D:9      | Noticed a troll
  6798 | D:9      | Reached XP level 10. HP: 64/64 MP: 1/10
  6820 | D:9      | Found Cul Uwisch's Book Boutique.
  6828 | D:9      | Reached skill level 9 in Armour
  6897 | D:9      | Found an iron altar of Okawaru.
  6977 | D:9      | Found a staircase to the Lair.
  6986 | D:9      | Found Leib's Distillery.
  7025 | D:9      | Found Ixycol's Jewellery Emporium.
  7243 | D:9      | Found Vaonuut's Jewellery Boutique.
  7246 | D:9      | Bought a +5 amulet of reflection for 300 gold pieces
  7532 | D:10     | Entered Level 10 of the Dungeon
  7589 | D:10     | Noticed Fannar
  7629 | D:10     | Killed from afar by Fannar

Vault maps used:
D:1:      onia_arrival_larder
D:2:      lemuel_doored_altar, lightli_corner_chamber
D:3:      first_bread, nicolae_tso_carved_into_rock
D:4:      overflow_temple_1_default
D:5:      nicolae_overflow_hidden_temple, serial_shops, shop,
          grunt_pakellas_basics, uniq_pikel
D:6:      kennysheep_mini_moat, lemuel_round_altar, uniq_prince_ribbit1
D:7:      old_standard_altar, temple_fountains
D:8:      serial_shops, shop, the_bakery, hangedman_decor_points, uniq_psyche
D:9:      old_standard_altar, dpeg_lair_monsters, serial_shops, shop_fountains,
          nicolae_shop_behind_doors, shop, nicolae_shop_stone, minivault_26
D:10:     minmay_orc_entry_guard_dogs, uniq_nergalle, uniq_erica, uniq_fannar

Action                   |  1- 3 |  4- 6 |  7- 9 | 10-12 || total
-------------------------+-------+-------+-------+-------++-------
Melee: Hand axe          |   136 |   212 |   577 |   172 ||  1097
Invok: Berserk           |       |     3 |     8 |     1 ||    12
       Trog's Hand       |       |     1 |     3 |     2 ||     6
       Burn Spellbooks   |       |       |     2 |       ||     2
  Use: Potion            |       |     7 |     3 |     1 ||    11
       Scroll            |       |       |    15 |     3 ||    18
 Stab: Sleeping          |     2 |       |       |       ||     2
  Eat: Chunk             |     2 |     8 |    15 |     3 ||    28
       Fruit             |       |     1 |     3 |       ||     4
       Royal jelly       |       |       |     1 |       ||     1
       Beef jerky        |       |       |     1 |     1 ||     2
